 Dungeon Crawl Stone Soup version 0.30-a0-393-g54b8e3be05 (webtiles) character file.

Game seed: 12864359977558875715

933 Engwar the Changer (level 8, -1/52 HPs)
             Began as an Octopode Transmuter on Dec 5, 2022.
             Slain by an iguana (12 damage)
             ... on level 5 of the Dungeon.
             The game lasted 00:18:37 (6227 turns).

Engwar the Changer (Octopode Transmuter)            Turns: 6227, Time: 00:18:37

Health: -1/52      AC:  1    Str:  9    XL:     8   Next: 11%
Magic:  10/12      EV: 13    Int: 18    God:
Gold:   289        SH:  0    Dex: 18    Spells: 2/12 levels left

rFire   . . .      SeeInvis .      - Unarmed
rCold   . . .      Faith    .    (no shield)
rNeg    . . .      Spirit   .    (helmet currently unavailable)
rPois   +          Reflect  .    (no amulet)
rElec   .          Harm     .    b - ring of willpower
rCorr   .          Rampage  .    e - ring of poison resistance
Will    ++...                    k - ring of willpower
Stlth   +++.......               p - +6 ring of dexterity
HPRegen 0.28/turn                (no ring)
MPRegen 0.13/turn                (no ring)
                                 (no ring)
                                 (no ring)

@: appendages
A: tentacle spike 3, almost no armour, amphibious, 8 rings, camouflage 1,
gelatinous body 1, (nimble swimmer 1), tentacles
a: End Transformation


You were on level 5 of the Dungeon.
One of your tentacles had grown a beastly spike.
You visited 1 branch of the dungeon, and saw 6 of its levels.
You also visited: Ossuary.

You collected 289 gold pieces.

Inventory:

Missiles
 m - 13 stones
Armour
 d - the +1 kite shield of Fedhas's Castigation {Will+ SInv}
   (You acquired it on level 4 of the Dungeon)

   SInv:      It lets you see invisible.
   Will:      It increases your willpower.
Jewellery
 b - a ring of willpower (left tentacle)
 e - a ring of poison resistance (right tentacle)
 k - a ring of willpower (on tentacle)
 p - a +6 ring of dexterity (on tentacle)
Wands
 t - a wand of polymorph (15)
Scrolls
 j - 2 scrolls of vulnerability
 n - a scroll of blinking
 o - 3 scrolls of teleportation
 q - a scroll of enchant armour {unknown}
 s - a scroll of fear {unknown}
 w - a scroll of torment {unknown}
Potions
 a - 3 potions of lignification
 c - 4 potions of might
 f - a potion of attraction {unknown}
 g - a potion of resistance {unknown}
 h - 3 potions of mutation
 i - a potion of brilliance {unknown}
 l - 2 potions of magic
 r - a potion of degeneration {unknown}
 u - 2 potions of flight {unknown}
 v - a potion of cancellation {unknown}


   Skills:
 + Level 3.2 Fighting
 - Level 2.0 Dodging
 - Level 1.0 Stealth
 + Level 5.1 Unarmed Combat
 - Level 2.8 Spellcasting
 * Level 5.7 Transmutations
 + Level 2.5 Ice Magic
 - Level 3.0 Poison Magic


You had 2 spell levels left.
You knew the following spells:

 Your Spells              Type           Power      Damage    Failure   Level
a - Beastly Appendage     Tmut           46%        N/A       1%          1
b - Wereblood             Tmut           23%        N/A       2%          2
c - Spider Form           Tmut/Pois      18%        N/A       9%          3
d - Ice Form              Ice/Tmut       17%        N/A       30%         4

Your spell library contained the following spells:

 Spells                   Type           Power      Damage    Failure   Level
 Sandblast                Erth           4%         2d4       17%         1
 Cigotuvi's Dreadful Rot  Necr/Pois/Air  12%        N/A       17%         2
 Blink                    Tloc           4%         N/A       26%         2
 Scorch                   Fire           4%         2d5       26%         2
 Ignite Poison            Fire/Tmut/Pois 13%        N/A       16%         3
 Kindle Blastsparks       Fire/Tloc/Air  4%         2d10      45%         3
 Dispel Undead            Necr           2%         3d7       86%         4
 Flame Wave               Conj/Fire      2%         2d4       86%         4
 Manifold Assault         Tloc           2%         N/A       86%         4
 Freezing Cloud           Conj/Ice/Air   2%         6-21      97%         5
 Death Channel            Necr           1%         N/A       100%        6
 Summon Cactus Giant      Summ           1%         N/A       100%        6
 Storm Form               Tmut/Air       6%         N/A       100%        7


Dungeon Overview and Level Annotations

Branches:
Dungeon (6/15)            Ossuary (visited)
 Temple: D:4-7

Altars:
Hepliaklqana
Ru
Trog

Shops:
D:5 *

Annotations:
D:2 Sigmund
D:4 Edmund, Grinder


Innate Abilities, Weirdness & Mutations

One of your tentacles has grown a beastly spike.
You cannot wear most types of armour.
You are amphibious.
You can wear up to eight rings at the same time.
Your skin changes colour to match your surroundings (Stealth+).
Your rubbery body absorbs attacks. (AC +1, EV +1)
((You are camouflaged when in or above water. (Stealth+)))
You have tentacles for arms and can constrict up to eight enemies at once.


Message History

The black bear looks as sick as possible!
The black bear is heavily wounded.
A lemure comes into view.
The black bear misses you. The black bear barely misses you.
The black bear claws you.
You hit the black bear.
The black bear is severely wounded.
The black bear barely misses you. x3
There is a stone staircase leading up, spattered with blood here.
You see here a +0 shortbow.
You hit the black bear.
The black bear looks as sick as possible!
The black bear is almost dead.
Your transformation is almost over.
The black bear goes berserk!
You hit the black bear.
The black bear is almost dead.
The black bear closely misses you. The black bear misses you.
The black bear claws you but does no damage.
You hit the black bear.
You kill the black bear!
You hit the iguana but do no damage. The iguana misses you.
You hit the iguana.
The iguana is poisoned.
The iguana is lightly wounded.
You barely miss the iguana.
The iguana is moderately wounded.
The iguana bites you!
You hit the iguana.
The iguana is heavily wounded.
The iguana bites you!
* * * LOW HITPOINT WARNING * * *
The iguana closely misses you.
You climb upwards.
There is a stone staircase leading down here.
Your transformation has ended.
Casting: Spider Form (dangerous; 9% risk of failure)
Confirm with . or Enter, or press ? or * to list all spells.
One of your tentacles grows a vicious spike.
The iguana bites you!
You die...

# ##.###....# #.#
###.......#.# #.#
.....#.#....# #.#
###.#...#(#.# #.#
###...∩...#.###########.#
....#...#.#..........>).#
###..#.#..#.###########.#
#.......#.###########.##
#####.....#...@l.>.....#
#######.#########..# #.#
#..# #.# #..# ########.#
######..# #........#
#.......# #.#####..#
#.#####.# #.# #..# #.#
#.# #.# #..# #.# #.#


You could see an iguana (poisoned).

Vanquished Creatures
  A black bear (D:6)
  2 centaurs
  2 phantoms (D:5)
  2 scorpions
  2 hounds
  A gnoll bouda (D:6)
  Terence (D:3)
  3 iguanas
  A mummy (Ossuary)
  6 gnolls
  4 adders
  An ufetubus (D:4)
  2 worms
  3 dart slugs (D:1)
  6 orcs
  2 spectral bats (Ossuary)
  11 endoplasms
  12 gnoll zombies (Ossuary)
  4 goblins
  3 hobgoblins
  4 kobolds
  A quokka (D:4)
  6 ball pythons
  4 bats
  5 bat simulacra (Ossuary)
  2 frilled lizards (D:1)
  2 goblin simulacra (Ossuary)
  4 goblin zombies (Ossuary)
  6 hobgoblin zombies (Ossuary)
  2 kobold simulacra (Ossuary)
  5 kobold zombies (Ossuary)
  3 orc zombies (Ossuary)
  4 rats
  4 rat simulacra (Ossuary)
  5 spectral goblins (Ossuary)
  6 spectral kobolds (Ossuary)
  2 spectral rats (Ossuary)
134 creatures vanquished.

Vanquished Creatures (others)
  3 fungi (D:2)
  14 plants
17 creatures vanquished.

Grand Total: 151 creatures vanquished

Notes
Turn   | Place    | Note
-------+----------+-------------------------------------------
     0 | D:1      | Engwar the Octopode Transmuter began the quest for the Orb.
     0 | D:1      | Reached XP level 1. HP: 13/13 MP: 3/3
   102 | D:1      | Reached skill level 1 in Stealth
   102 | D:1      | Reached XP level 2. HP: 14/18 MP: 5/5
   105 | D:1      | Learned a level 2 spell: Wereblood
   606 | D:1      | Reached XP level 3. HP: 18/23 MP: 6/6
   610 | D:1      | Learned a level 3 spell: Spider Form
   881 | D:2      | Noticed Sigmund
   951 | D:2      | HP: 1/23 [worm (11)]
  1147 | D:2      | Found a faded altar of an unknown god.
  1151 | D:2      | Got Plato's Parchment of the Geologist
  1691 | D:2      | Reached skill level 1 in Poison Magic
  1903 | D:2      | Reached XP level 4. HP: 27/28 MP: 5/7
  2163 | D:3      | HP: 1/28 [gnoll/+0 whip (7)]
  2399 | D:3      | Noticed Terence
  2418 | D:3      | Killed Terence
  2419 | D:3      | Reached XP level 5. HP: 11/33 MP: 2/8
  3105 | D:4      | Identified a scroll of acquirement
  3105 | D:4      | Acquired the +1 kite shield of Fedhas's Castigation {Will+
                  | SInv}
  3295 | D:4      | Noticed a steam dragon
  3363 | D:4      | Found a sacrificial altar of Ru.
  3507 | D:4      | Reached XP level 6. HP: 28/38 MP: 5/9
  3817 | D:4      | Noticed Edmund
  3905 | D:4      | Noticed Grinder
  3962 | D:5      | Entered Level 5 of the Dungeon
  4134 | D:5      | Reached skill level 1 in Ice Magic
  4257 | D:5      | Reached XP level 7. HP: 11/45 MP: 7/11
  4351 | D:5      | Learned a level 4 spell: Ice Form
  4482 | D:5      | Found a bloodstained altar of Trog.
  4483 | D:5      | Found a hazy altar of Hepliaklqana.
  4518 | D:5      | Found Ededwy's Overcharged Wands.
  4626 | D:5      | Found a sand-covered staircase.
  4630 | Ossuary  | Entered an ossuary
  5151 | D:5      | Noticed a yak
  5151 | D:5      | Noticed a yak
  5208 | D:5      | Reached skill level 5 in Transmutations
  5591 | D:5      | Noticed a yak
  5651 | D:5      | HP: 2/45 [phantom (2)]
  6207 | D:6      | Reached skill level 5 in Unarmed Combat
  6207 | D:6      | Reached XP level 8. HP: 39/52 MP: 8/12
  6227 | D:5      | Slain by an iguana

Illustrated notes

Levels and vault maps discovered:
D:1:      dpeg_arrival_shelter, layout_rooms, serial_forest,
          infiniplex_forest_zigzag_1, infiniplex_forest_lined_ring,
          infiniplex_forest_split, infiniplex_forest_clump_tiny,
          infiniplex_forest_end_2
D:2:      layout_loops_corners, shapermc_ecumenical_altar_rom_forum,
          hangedman_decor_clover_reticule, minmay_tromino_v4_c, uniq_sigmund
D:3:      layout_rooms, serial_forest, infiniplex_forest_corner_1,
          infiniplex_forest_corner_1, infiniplex_forest_end_2,
          infiniplex_forest_split, infiniplex_forest_clump_tiny,
          infiniplex_forest_clump_double, infiniplex_forest_zigzag_2,
          infiniplex_forest_clump_curved, infiniplex_forest_zigzag_2, hex_tiny,
          grunt_ministairs_11, uniq_terence
D:4:      layout_cave_pods, mainiacjoe_overflow_24_doors, uniq_edmund,
          uniq_grinder
D:5:      layout_loops_ring, mainiacjoe_overflow_divided_tiny, enter_ossuary_5,
          chequers_serial_rivers_small_3, nicolae_shop_overcharged_wands
D:6:      layout_cave_pools, lightli_sewer_entry_pipes, kennysheep_small_square,
          uniq_pikel

Skill      XL: |  1  2  3  4  5  6  7 |
---------------+----------------------+-----
Stealth        | 1 |  1.0
Poison Magic   | 1 2 3 |  3.0
Transmutations | 3 4 5 |  5.7
Unarmed Combat | 4 5 |  5.1
Fighting       | 2 3 |  3.2
Ice Magic      | 1 2 |  2.5
Dodging        | |  2.0
Spellcasting   | |  2.8

Action                   |  1- 3 |  4- 6 |  7- 9 || total
-------------------------+-------+-------+-------++-------
Melee: Unarmed           |    76 |   121 |   149 ||   346
       Constrict         |    16 |    16 |    33 ||    65
       Tentacles         |    16 |    22 |    21 ||    59
       Kick              |     8 |    23 |    44 ||    75
       Punch             |     1 |     3 |     7 ||    11
 Cast: Beastly Appendage |     5 |     8 |    13 ||    26
       Wereblood         |     1 |       |     8 ||     9
       Spider Form       |       |     5 |     5 ||    10
  Use: Scroll            |       |     8 |     1 ||     9
 Stab: Sleeping          |     8 |     6 |     8 ||    22
Armor: Skin              |     7 |     8 |    17 ||    32
Dodge: Dodged            |    37 |    96 |    82 ||   215

Table legend: (Time is in decaauts)
 A = Elapsed time spent in this place.
 B = Non-inter-level travel time spent in this place.
 C = Inter-level travel time spent in this place.
 D = Time resting spent in this place.
 E = Time spent auto-exploring this place.
 F = Levels seen in this place.
 G = Mean time per level.
                   A        B        C        D        E       F      G
               +--------+--------+--------+--------+--------+-----+--------+
         Total |   6202 |   5911 |    291 |   1216 |   3053 |   7 |  886.0 |
       Dungeon |   5717 |   5426 |    291 |   1111 |   3053 |   6 |  952.8 |
       Ossuary |    485 |    485 |      0 |    105 |      0 |   1 |  485.0 |
               +--------+--------+--------+--------+--------+-----+--------+

Top non-repeatable levels by time:
     D:5: 1605 daAuts
     D:2: 1160 daAuts
     D:1: 1012 daAuts
     D:3: 1002 daAuts
     D:4: 866 daAuts
 Ossuary: 485 daAuts
     D:6: 70 daAuts
